[Event "Konyaalti Open-B 2019"]
[Site "Konyaalti"]
[Date "2019.11.19"]
[Round "5.2"]
[White "Egeli, Sercan Veli"]
[Black "Kazik, Oguz Kagan"]
[Result "1/2-1/2"]
[ECO "B51"]
[WhiteElo "1478"]
[BlackElo "1638"]
[Annotator "NA RC"]
[PlyCount "158"]
[EventDate "2019.11.20"]
[EventType "swiss"]
[EventCountry "TUR"]
[SourceTitle "playchess.com"]
[Source "ChessBase"]
[SourceQuality "1"]
[TimeControl "5400+30"]

1. e4 c5 2. Nf3 d6 3. Bb5+ Nd7 4. O-O a6 5. Be2 Ngf6 6. Nc3 g6 7. d4 cxd4 8. Nxd4 Bg7 9. Be3 O-O 10. Qd2 Re8 11. Rad1 Qc7 12. f3 Ne5 13. Nd5 Nxd5 14. exd5 b5 15. b3 Bb7 16. c4 bxc4 17. Rc1 Bxd5 18. Nf5 Be6 19. Nxg7 Kxg7 20. Bd4 f6 21. Rfe1 Nc6 22. Bxc4 Bxc4 23. Rxc4 Qd7 24. Bb2 Rec8 25. Rce4 e5 26. f4 Rd8 27. Rd1 Qe6 28. Rc1 Ne7 29. Rec4 Nd5 30. fxe5 dxe5 31. Ba3 Nf4 32. Rc7+ Kh8 33. Qf2 Qg4 34. Kf1 Rac8 35. Rxc8 Rxc8 36. Rxc8+ Qxc8 37. g3 Qh3+ 38. Kg1 Qg4 39. Qd2 Ne2+ 40. Kf2 Nd4 41. Qd3 Qf5+ 42. Qxf5 Nxf5 43. Bc5 Kg8 44. a4 Ng7 45. b4 Ne6 46. Bb6 Nf8 47. b5 axb5 48. axb5 Ne6 49. Ba5 Kf7 50. Bc3 Nc5 51. Ke3 Ke6 52. Bb4 Kd5 53. b6 Nb7 54. Bf8 f5 55. Bg7 e4 56. h4 Nd6 57. Bd4 Nc4+ 58. Kf4 Kc6 59. g4 fxg4 60. Kxg4 Nxb6 61. Kf4 Nd5+ 62. Kxe4 Kd6 63. h5 Ke6 64. hxg6 hxg6 65. Bb2 Nb6 66. Kf4 Nc4 67. Bc3 Nd6 68. Kg5 Kf7 69. Bb2 Nc4 70. Bc3 Ne3 71. Bb2 Nf5 72. Be5 Ne7 73. Bb2 Nc6 74. Bc3 Nd8 75. Bb2 Ne6+ 76. Kh6 g5 77. Kh5 Ke7 78. Bc1 Kf6 79. Bxg5+ Nxg5 1/2-1/2

[Event "Konyaalti Open-B 2019"]
[Site "Konyaalti"]
[Date "2019.11.19"]
[Round "5.3"]
[White "Cekli, Cem"]
[Black "Ozdemir, Abdurrahim Kayra"]
[Result "1/2-1/2"]
[ECO "D27"]
[WhiteElo "1812"]
[BlackElo "1513"]
[Annotator "NA RC"]
[PlyCount "85"]
[EventDate "2019.11.20"]
[EventType "swiss"]
[EventCountry "TUR"]
[SourceTitle "playchess.com"]
[Source "ChessBase"]
[SourceQuality "1"]
[TimeControl "5400+30"]

1. d4 d5 2. c4 dxc4 3. Nf3 Nf6 4. e3 e6 5. Bxc4 c5 6. Nc3 a6 7. a4 Nc6 8. O-O Be7 9. dxc5 Bxc5 10. Qxd8+ Kxd8 11. e4 b6 12. Bg5 h6 13. Bh4 g5 14. Bg3 Nh5 15. Ne5 Nxg3 16. Nxc6+ Kc7 17. hxg3 Kxc6 18. Be2 Kd6 19. Bh5 Ke7 20. Rfd1 Bb7 21. Rd3 Rad8 22. Rad1 f6 23. Bf3 Rxd3 24. Rxd3 Rd8 25. Rxd8 Kxd8 26. Bd1 Ke7 27. Kf1 Bd4 28. f3 a5 29. Bb3 Ba6+ 30. Ke1 Be5 31. Kf2 Kd6 32. Nd1 Bd4+ 33. Ke1 f5 34. exf5 exf5 35. Bf7 Kc5 36. b3 Kb4 37. Kd2 f4 38. g4 Bb7 39. Kd3 Kc5 40. Nc3 Bxc3 41. Kxc3 Bc6 42. Bg6 Bd5 43. Bd3 1/2-1/2

[Event "Konyaalti Open-B 2019"]
[Site "Konyaalti"]
[Date "2019.11.19"]
[Round "5.4"]
[White "Guler, Muhammed Talha"]
[Black "Ipek, Egehan"]
[Result "1/2-1/2"]
[ECO "B41"]
[WhiteElo "1646"]
[BlackElo "1590"]
[Annotator "NA RC"]
[PlyCount "96"]
[EventDate "2019.11.20"]
[EventType "swiss"]
[EventCountry "TUR"]
[SourceTitle "playchess.com"]
[Source "ChessBase"]
[SourceQuality "1"]
[TimeControl "5400+30"]

1. e4 c5 2. c4 e6 3. Nc3 Nc6 4. Nge2 a6 5. d4 cxd4 6. Nxd4 Qc7 7. Be3 Nf6 8. Be2 Bb4 9. f3 O-O 10. Rc1 d5 11. cxd5 exd5 12. Nxc6 bxc6 13. Qa4 c5 14. O-O Bd7 15. Qb3 d4 16. Bxd4 cxd4 17. Nd5 Qa7 18. Rc7 Qb8 19. Nxf6+ gxf6 20. Rxd7 Bc5 21. Bc4 Qxb3 22. axb3 Rad8 23. Bxf7+ Kg7 24. Rxd8 Rxd8 25. Bc4 d3+ 26. Kh1 d2 27. Rd1 a5 28. Bd5 Bb4 29. g4 Rc8 30. Bc4 Kg6 31. h4 h5 32. Kg2 hxg4 33. f4 Rc7 34. Be6 Rc2 35. Kg3 Rxb2 36. Kxg4 Rc2 37. Kf3 Rc1 38. Ke2 Kh5 39. Bd5 Kxh4 40. Rxd2 Bxd2 41. Kxd2 Rf1 42. Ke3 Kg3 43. e5 fxe5 44. fxe5 Re1+ 45. Kd4 Kf4 46. e6 Kf5 47. Kc5 Kf6 48. Bc4 Ke5 1/2-1/2

[Event "Konyaalti Open-B 2019"]
[Site "Konyaalti"]
[Date "2019.11.21"]
[Round "6.11"]
[White "Karahan, Anil"]
[Black "Egeli, Sercan Veli"]
[Result "0-1"]
[ECO "D85"]
[WhiteElo "1767"]
[BlackElo "1478"]
[Annotator "NA"]
[PlyCount "76"]
[EventDate "2019.11.20"]
[EventType "swiss"]
[EventCountry "TUR"]
[SourceTitle "playchess.com"]
[Source "ChessBase"]
[SourceQuality "1"]
[TimeControl "5400+30"]

1. d4 Nf6 2. c4 g6 3. Nc3 d5 4. cxd5 Nxd5 5. e4 Nxc3 6. bxc3 Bg7 7. Bb5+ c6 8. Ba4 O-O 9. Ne2 c5 10. O-O Qa5 11. Be3 Bd7 12. Bb3 cxd4 13. cxd4 Bc6 14. f3 Rd8 15. Rc1 Na6 16. Rf2 e6 17. Ng3 h5 18. Rd2 Rd7 19. Ne2 Rad8 20. Kf2 Bf8 21. Nf4 Nc7 22. Nd3 Bb4 23. Nxb4 Qxb4 24. Rc4 Qe7 25. Rc5 Na6 26. Rc3 Nc7 27. a4 Kh7 28. Kg1 f5 29. Bc2 Ne8 30. h3 Nd6 31. d5 exd5 32. exd5 Qe5 33. Bd4 Qxd5 34. Bb3 Qa5 35. Bf6 Kh6 36. Bxd8 Qxc3 37. Rxd6 Qc5+ 38. Qd4 Qxd4+ 0-1

[Event "Konyaalti Open-B 2019"]
[Site "Konyaalti"]
[Date "2019.11.21"]
[Round "6.12"]
[White "Ozen, Metehan"]
[Black "Demir, Zeki"]
[Result "1/2-1/2"]
[ECO "C06"]
[WhiteElo "1779"]
[BlackElo "1685"]
[Annotator "NA"]
[PlyCount "91"]
[EventDate "2019.11.20"]
[EventType "swiss"]
[EventCountry "TUR"]
[SourceTitle "playchess.com"]
[Source "ChessBase"]
[SourceQuality "1"]
[TimeControl "5400+30"]

1. e4 e6 2. d4 d5 3. Nd2 Nf6 4. e5 Nfd7 5. Bd3 c5 6. c3 Nc6 7. Ne2 cxd4 8. cxd4 f6 9. exf6 Nxf6 10. Nf3 Qc7 11. O-O Bd6 12. Nc3 a6 13. a3 O-O 14. h3 Bd7 15. Qc2 Bf4 16. Ne2 Bd6 17. Be3 Rac8 18. Rac1 Qb8 19. Qb1 Na5 20. Rxc8 Rxc8 21. Bg5 Ne4 22. Bxe4 dxe4 23. Qxe4 Nc4 24. Bc1 Re8 25. Ng5 g6 26. Qh4 Re7 27. Ne4 Bc6 28. Nf6+ Kf7 29. Nxh7 Qh8 30. Nf4 Qxd4 31. b3 Nxa3 32. Be3 Qe5 33. Rd1 Nb5 34. Qh6 Qg7 35. Ng5+ Ke8 36. Qxg7 Rxg7 37. Nfxe6 Rd7 38. Rd2 Ke7 39. Bc5 Bxc5 40. Rxd7+ Bxd7 41. Nxc5 Bc8 42. Nge4 Nd4 43. Nd2 b6 44. Na4 b5 45. Nc5 Kd6 46. Nd3 1/2-1/2

[Event "Konyaalti Open-B 2019"]
[Site "Konyaalti"]
[Date "2019.11.21"]
[Round "6.13"]
[White "Kazik, Oguz Kagan"]
[Black "Cekli, Cem"]
[Result "1-0"]
[ECO "D10"]
[WhiteElo "1638"]
[BlackElo "1812"]
[Annotator "NA"]
[PlyCount "101"]
[EventDate "2019.11.20"]
[EventType "swiss"]
[EventCountry "TUR"]
[SourceTitle "playchess.com"]
[Source "ChessBase"]
[SourceQuality "1"]
[TimeControl "5400+30"]

1. d4 d5 2. c4 c6 3. cxd5 cxd5 4. Nc3 Nc6 5. e4 e6 (5... dxe4 6. d5 Ne5 7. Qd4 Nd3+ 8. Bxd3 exd3 9. Nf3 Nf6 10. Bg5 Bf5 11. O-O h6 12. Bxf6 gxf6 13. Rfe1 Qb6 14. Qf4 Bd7 15. Ne4 Bg7 16. Nd6+ Kf8 17. Nxf7 Kxf7 18. Ne5+ Ke8 19. Nxd7 Kxd7 20. Qg4+ Kd8 21. Qxg7 Re8 22. Rad1 Qxb2 23. d6 Qd4 24. dxe7+ {1-0 (24) Jobava,B (2690)-Mchedlishvili,M (2603) Riadh 2017}) 6. e5 {[%emt 0:01:00] D10: Slav Defence: 3 cxd5 (without early Nf3) and 3 Nc3} a6 7. Nf3 Bd7 8. h4 $146 ({Predecessor:} 8. Bd3 Nh6 9. O-O Be7 10. Bb1 Bc8 11. a3 Nf5 12. b4 h5 13. Bxf5 exf5 14. Qb3 Be6 {½-½ (36) Garcia Carey,O (2363)-Gil Alba,H (2343) Santa Clara 2017}) 8... Qb6 9. Be2 Nh6 10. Bxh6 $1 gxh6 11. Qd2 Rg8 12. O-O Na5 (12... O-O-O $142) 13. Rac1 Qd8 14. Kh1 b5 15. b3 (15. Qf4 $18) 15... Rc8 16. Nb1 (16. Bd3 $18) 16... Nc6 17. Qf4 Ne7 18. Rxc8 Bxc8 19. g3 Nf5 20. Nc3 (20. Nh2 $142) 20... h5 21. Qc1 Bh6 22. Qc2 Rg4 23. Rd1 Bd7 24. Bf1 Qb6 25. Ne2 Rg6 26. Bh3 Ne7 27. Ne1 Rg7 (27... b4 $16 28. Bg2 Bb5) 28. Nd3 Ng6 29. Bg2 Bc6 (29... Qd8 {was called for.} 30. Nc5 Bc8 31. Nxa6 Bxa6) 30. Bf3 Bd7 31. Bxh5 Nxh4 32. Qc5 ({And not} 32. gxh4 Qd8 $11) 32... Qxc5 33. Nxc5 Nf5 34. Nxa6 Rg8 35. Nc5 Ke7 $18 36. Bxf7 Ra8 37. Ra1 Bc8 38. Bg8 b4 39. Bxh7 Ba6 40. Nxa6 Rxa6 41. Bxf5 exf5 42. f4 Rc6 43. Kg1 Rc2 44. Kf1 Kf7 45. a3 Kg6 46. axb4 Bf8 47. Ra6+ Kh5 48. b5 Kg4 49. b6 Kf3 50. b7 Rb2 51. Ng1+ 1-0

[Event "Konyaalti Open-B 2019"]
[Site "Konyaalti"]
[Date "2019.11.21"]
[Round "6.14"]
[White "Yildiz, Tunahan"]
[Black "Atik, Muhammed Ihsan"]
[Result "0-1"]
[ECO "D35"]
[WhiteElo "1752"]
[BlackElo "1533"]
[Annotator "NA"]
[PlyCount "132"]
[EventDate "2019.11.20"]
[EventType "swiss"]
[EventCountry "TUR"]
[SourceTitle "playchess.com"]
[Source "ChessBase"]
[SourceQuality "1"]
[TimeControl "5400+30"]

1. d4 d5 2. c4 e6 3. Nc3 Nf6 4. cxd5 exd5 5. Bg5 Nbd7 6. e3 h6 7. Bh4 Be7 8. Bd3 O-O 9. Nge2 b6 10. O-O Bb7 11. f3 c5 12. Bf2 Rc8 13. Kh1 Bd6 14. Qd2 Re8 15. Ng3 g6 16. Rae1 h5 17. Nge2 a6 18. Bg3 Bxg3 19. Nxg3 h4 20. Nge2 Nh5 21. dxc5 Nxc5 22. Bb1 Qg5 23. Ng1 Rcd8 24. Nh3 Qf6 25. Ne2 Ne6 26. Qc3 d4 27. Nxd4 Ng5 28. Nb3 Nxh3 29. Qxf6 Nxf6 30. gxh3 Nd5 31. Be4 f5 32. Bxd5+ Bxd5 33. Nc1 Kh7 34. Kg2 g5 35. Rf2 Rd7 36. Kg1 Rde7 37. Rd1 Bf7 38. f4 g4 39. hxg4 fxg4 40. Nd3 Bh5 41. Rc1 Rxe3 42. Ne5 g3 43. Rfc2 Re7 44. h3 Kg7 45. Rc6 Re4 46. R6c4 Re2 47. Rc6 Rxb2 48. Rd6 a5 49. a4 Rb4 50. Nc6 Rc7 51. f5 Be8 52. f6+ Kf8 53. Rd8 Rf4 54. Re1 Rxc6 55. Rexe8+ Kf7 56. Rf8+ Ke6 57. Rfe8+ Kf5 58. Rd1 Rxf6 59. Rd5+ Kg6 60. Re1 Rxa4 61. Rf1 Rxf1+ 62. Kxf1 Rb4 63. Kg2 a4 64. Rd8 a3 65. Ra8 Rb2+ 66. Kf3 a2 0-1

[Event "Konyaalti Open-B 2019"]
[Site "Konyaalti"]
[Date "2019.11.21"]
[Round "6.15"]
[White "Ipek, Egehan"]
[Black "Ekici, Kaan Muhammed"]
[Result "0-1"]
[ECO "E60"]
[WhiteElo "1590"]
[BlackElo "1738"]
[Annotator "NA"]
[PlyCount "74"]
[EventDate "2019.11.20"]
[EventType "swiss"]
[EventCountry "TUR"]
[SourceTitle "playchess.com"]
[Source "ChessBase"]
[SourceQuality "1"]
[TimeControl "5400+30"]

1. Nf3 Nf6 2. b3 g6 3. Bb2 Bg7 4. g3 O-O 5. Bg2 d6 6. d4 c6 7. c4 Qc7 8. Nbd2 a5 9. a3 Re8 10. O-O e5 11. dxe5 dxe5 12. Ng5 h6 13. Nge4 Nxe4 14. Nxe4 Rd8 15. Qc2 f5 16. Nc5 Na6 17. Na4 Be6 18. Rab1 Rd7 19. Rfd1 Rad8 20. Rxd7 Qxd7 21. Bc3 Qc7 22. c5 e4 23. Bd2 Rd5 24. Bf4 Qd8 25. Bd6 Qf6 26. b4 axb4 27. axb4 Rd4 28. b5 Nb4 29. bxc6 Nxc2 30. cxb7 Rxa4 31. b8=Q+ Kh7 32. Rb7 Bd5 33. Rd7 Nd4 34. Bf8 Nxe2+ 35. Kf1 Qa1+ 36. Kxe2 Ra2+ 37. Ke3 Qc1# 0-1

[Event "Konyaalti Open-B 2019"]
[Site "Konyaalti"]
[Date "2019.11.22"]
[Round "7.11"]
[White "Ekici, Kaan Muhammed"]
[Black "Kazik, Oguz Kagan"]
[Result "0-1"]
[ECO "B22"]
[WhiteElo "1738"]
[BlackElo "1638"]
[Annotator "NA"]
[PlyCount "54"]
[EventDate "2019.11.20"]
[EventType "swiss"]
[EventCountry "TUR"]
[SourceTitle "playchess.com"]
[Source "ChessBase"]
[SourceQuality "1"]
[TimeControl "5400+30"]

1. e4 c5 2. c3 Nf6 3. e5 Nd5 4. d4 cxd4 5. Nf3 Nc6 6. cxd4 d6 7. Bc4 Nb6 8. Bd3 Bg4 9. exd6 e6 10. Nc3 Bxd6 11. Be3 Rc8 12. Rc1 a6 13. O-O Bb8 14. Re1 Nd5 15. h3 Bh5 16. g4 Bg6 17. Bg5 Nxc3 18. Rxc3 Qd6 19. d5 Qxd5 20. Bxg6 Qxd1 21. Bxf7+ Kxf7 22. Rxd1 h6 23. Rd7+ Kg6 24. Be3 b5 25. Kg2 Rhf8 26. h4 Ne5 27. Bd4 Nxd7 0-1

[Event "Konyaalti Open-B 2019"]
[Site "Konyaalti"]
[Date "2019.11.22"]
[Round "7.12"]
[White "Egeli, Sercan Veli"]
[Black "Ceylan, Arda"]
[Result "1-0"]
[ECO "C06"]
[WhiteElo "1478"]
[BlackElo "1751"]
[Annotator "NA"]
[PlyCount "65"]
[EventDate "2019.11.20"]
[EventType "swiss"]
[EventCountry "TUR"]
[SourceTitle "playchess.com"]
[Source "ChessBase"]
[SourceQuality "1"]
[TimeControl "5400+30"]

1. e4 e6 2. d4 d5 3. Nd2 Be7 4. c3 Nf6 5. e5 Nfd7 6. Bd3 c5 7. Ne2 Nc6 8. O-O f6 9. Nf4 Nf8 10. Nf3 fxe5 11. Nxe5 Nxe5 12. dxe5 g6 13. Qf3 Qc7 14. Re1 Bd7 15. Bd2 O-O-O 16. Qe2 g5 17. Nh3 h6 18. a4 Be8 19. f4 gxf4 20. Nxf4 Bg5 21. Nh3 Qe7 22. Rf1 Bg6 23. Bxg5 hxg5 24. Bxg6 Nxg6 25. Rf6 Rxh3 26. gxh3 Nf4 27. Qg4 d4 28. h4 dxc3 29. bxc3 Rd3 30. hxg5 Nh3+ 31. Kf1 Qh7 32. Qxe6+ Rd7 33. Rd1 1-0

[Event "Konyaalti Open-B 2019"]
[Site "Konyaalti"]
[Date "2019.11.22"]
[Round "7.13"]
[White "Atik, Muhammed Ihsan"]
[Black "Ozen, Metehan"]
[Result "1/2-1/2"]
[ECO "A45"]
[WhiteElo "1533"]
[BlackElo "1779"]
[Annotator "NA"]
[PlyCount "88"]
[EventDate "2019.11.20"]
[EventType "swiss"]
[EventCountry "TUR"]
[SourceTitle "playchess.com"]
[Source "ChessBase"]
[SourceQuality "1"]
[TimeControl "5400+30"]

1. d4 Nf6 2. Bg5 c5 3. d5 Qb6 4. Nc3 Qxb2 5. Bd2 Qb6 6. Rb1 Qd8 7. e4 d6 8. f4 a6 9. a4 g6 10. Bc4 Nbd7 11. Nf3 Bg7 12. h3 O-O 13. O-O Qc7 14. Re1 Ne8 15. Qe2 Nb6 16. e5 Nxc4 17. Qxc4 e6 18. Be3 b6 19. Bf2 Qb7 20. Qe4 Rb8 21. Bh4 Kh8 22. g4 f5 23. gxf5 exd5 24. Qxd5 Rxf5 25. Bg3 Qd7 26. Nh4 Rh5 27. e6 Qe7 28. Qf3 Bb7 29. Qd3 Rxh4 30. Bxh4 Qxh4 31. Ne2 Nc7 32. Qg3 Qh5 33. Rxb6 Qd5 34. e7 Ne6 35. c4 Qxc4 36. Rxb7 Re8 37. Qg4 Nd4 38. Rd7 Bf6 39. Rd8 Rxd8 40. exd8=Q+ Bxd8 41. Qc8 Nxe2+ 42. Kf2 Qxf4+ 43. Kxe2 Qe4+ 44. Kd2 Qd4+ 1/2-1/2

[Event "Konyaalti Open-B 2019"]
[Site "Konyaalti"]
[Date "2019.11.22"]
[Round "7.14"]
[White "Demir, Zeki"]
[Black "Var, Sefa"]
[Result "0-1"]
[ECO "D43"]
[WhiteElo "1685"]
[BlackElo "1745"]
[Annotator "NA"]
[PlyCount "104"]
[EventDate "2019.11.20"]
[EventType "swiss"]
[EventCountry "TUR"]
[SourceTitle "playchess.com"]
[Source "ChessBase"]
[SourceQuality "1"]
[TimeControl "5400+30"]

1. d4 d5 2. c4 c6 3. Nf3 Nf6 4. Nc3 e6 5. Bg5 h6 6. Bh4 dxc4 7. e4 g5 8. Bg3 b5 9. h4 g4 10. Ne5 h5 11. Be2 Bb7 12. O-O Nbd7 13. Nxd7 Qxd7 14. e5 Nd5 15. Ne4 Be7 16. Qd2 f5 17. exf6 Nxf6 18. Ng5 c5 19. Be5 cxd4 20. Qxd4 Qc6 21. Nf3 Rg8 22. Ne1 Ne4 23. Qe3 O-O-O 24. a4 Bc5 25. axb5 Qd5 26. Qf4 Rgf8 27. Bxc4 Qxc4 28. Qc1 Qxc1 29. Rxc1 Rd5 30. b4 Rxe5 31. Nd3 Ref5 32. bxc5 Bd5 33. b6 axb6 34. cxb6+ Kb7 35. Rc7+ Kxb6 36. Rc2 Nd6 37. Nc5 R8f7 38. Rb1+ Nb5 39. Ra1 Ra7 40. Na4+ Rxa4 41. Rxa4 Bb3 42. Raa2 Bxa2 43. Rxa2 Kc5 44. Kh2 Nd6 45. Ra5+ Kd4 46. Ra4+ Ke5 47. Kg1 Kf6 48. Ra2 Ne4 49. Re2 Ke5 50. Ra2 Rxf2 51. Ra5+ Kf4 52. Rxh5 Rf1+ 0-1

[Event "Konyaalti Open-B 2019"]
[Site "Konyaalti"]
[Date "2019.11.22"]
[Round "7.15"]
[White "Demir, Hilmi Mustafa"]
[Black "Gulceken, Sumeyye"]
[Result "1-0"]
[ECO "B19"]
[WhiteElo "1818"]
[BlackElo "1537"]
[Annotator "NA"]
[PlyCount "63"]
[EventDate "2019.11.20"]
[EventType "swiss"]
[EventCountry "TUR"]
[SourceTitle "playchess.com"]
[Source "ChessBase"]
[SourceQuality "1"]
[TimeControl "5400+30"]

1. e4 c6 2. d4 d5 3. Nc3 dxe4 4. Nxe4 Bf5 5. Ng3 Bg6 6. h4 h6 7. Nf3 Nd7 8. h5 Bh7 9. Bd3 Bxd3 10. Qxd3 e6 11. Bd2 Ngf6 12. O-O-O Qc7 13. Ne4 O-O-O 14. g3 Nxe4 15. Qxe4 Nf6 16. Qe2 Bd6 17. c4 c5 $11 18. Bc3 cxd4 19. Nxd4 a6 20. Kb1 Kb8 21. Rc1 Ka8 22. Nb3 Rc8 23. c5 Be7 24. c6 bxc6 25. Bxf6 gxf6 26. Qxa6+ Kb8 27. Na5 c5 28. Rc3 c4 29. Rxc4 Qd7 30. Nc6+ Rxc6 31. Rxc6 Bd8 32. Rhc1 1-0

[Event "Konyaalti Open-B 2019"]
[Site "Konyaalti"]
[Date "2019.11.21"]
[Round "8.11"]
[White "Kazik, Oguz Kagan"]
[Black "Guler, Muhammed Talha"]
[Result "1/2-1/2"]
[ECO "E16"]
[WhiteElo "1638"]
[BlackElo "1646"]
[Annotator "NA"]
[PlyCount "109"]
[EventDate "2019.11.20"]
[EventType "swiss"]
[EventCountry "TUR"]
[SourceTitle "playchess.com"]
[Source "ChessBase"]
[SourceQuality "1"]
[TimeControl "5400+30"]

1. d4 Nf6 2. Nf3 b6 3. g3 Bb7 4. Bg2 e6 5. c4 Bb4+ 6. Bd2 a5 7. O-O O-O 8. a3 Bxd2 9. Nbxd2 d6 10. Qc2 Nbd7 11. e4 e5 12. d5 a4 13. Nh4 Nc5 14. Nf5 Bc8 15. Ne3 Ng4 16. Nxg4 Bxg4 17. Rae1 Bd7 18. f4 f6 19. Rf2 Qb8 20. Bf1 b5 21. Re3 Qb6 22. Rc3 b4 23. axb4 Qxb4 24. f5 Rfb8 25. Nf3 Rb7 26. Qe2 a3 27. Rxa3 Rxa3 28. bxa3 Qxa3 29. g4 Rb1 30. g5 Nd3 31. Nd2 Nxf2 32. Nxb1 Nh3+ 33. Bxh3 Qxh3 34. gxf6 g6 35. fxg6 hxg6 36. Nd2 Bg4 37. Qf2 Kf7 38. Nf1 Qc3 39. Nd2 Bh3 40. Qe2 Qc1+ 41. Kf2 Bg4 42. Qe3 Qh1 43. Kg3 Bh5 44. Nf3 Bxf3 45. Qxf3 Qg1+ 46. Kh3 Qg5 47. Qg4 Qe3+ 48. Kg2 Qd2+ 49. Kg3 Qe3+ 50. Qf3 Qg5+ 51. Kh3 Qh6+ 52. Kg3 Qg5+ 53. Qg4 Qe3+ 54. Kg2 Qd2+ 55. Kg1 1/2-1/2

[Event "Konyaalti Open-B 2019"]
[Site "Konyaalti"]
[Date "2019.11.21"]
[Round "8.12"]
[White "Ozen, Metehan"]
[Black "Egeli, Sercan Veli"]
[Result "0-1"]
[ECO "A07"]
[WhiteElo "1779"]
[BlackElo "1478"]
[Annotator "NA"]
[PlyCount "84"]
[EventDate "2019.11.20"]
[EventType "swiss"]
[EventCountry "TUR"]
[SourceTitle "playchess.com"]
[Source "ChessBase"]
[SourceQuality "1"]
[TimeControl "5400+30"]

1. Nf3 Nf6 2. g3 g6 3. b3 Bg7 4. Bb2 O-O 5. Bg2 d5 6. O-O c6 7. d3 Nbd7 8. Nbd2 Re8 9. e4 dxe4 10. dxe4 Nxe4 11. Bxg7 Nxd2 12. Qxd2 Kxg7 13. Rad1 Qc7 14. Rfe1 Nf6 15. Qc3 h6 16. Nd4 Bg4 17. f3 Bd7 18. Kh1 Rad8 19. f4 Bg4 20. Rd3 Qb6 21. h3 c5 22. Nf3 Rxd3 23. Qxd3 Bxf3 24. Qxf3 Qa5 25. Qe3 Qc7 26. g4 b6 27. Rf1 Qd6 28. Qf3 Rd8 29. g5 Nh5 30. Kg1 Qd4+ 31. Kh1 Qd6 32. Kg1 Qd4+ 33. Kh1 Qd2 34. gxh6+ Kxh6 35. f5 Qg5 36. Kh2 gxf5 37. Qxf5 Qxf5 38. Rxf5 Rd2 39. Kg1 Kg6 40. Rf2 Rxf2 41. Kxf2 Kg5 42. Kf3 f5 0-1

[Event "Konyaalti Open-B 2019"]
[Site "Konyaalti"]
[Date "2019.11.21"]
[Round "8.13"]
[White "Kartal, Efe Onur"]
[Black "Demir, Hilmi Mustafa"]
[Result "1/2-1/2"]
[ECO "C55"]
[WhiteElo "1745"]
[BlackElo "1818"]
[Annotator "NA"]
[PlyCount "40"]
[EventDate "2019.11.20"]
[EventType "swiss"]
[EventCountry "TUR"]
[SourceTitle "playchess.com"]
[Source "ChessBase"]
[SourceQuality "1"]
[TimeControl "5400+30"]

1. e4 e5 2. Nf3 Nc6 3. Bc4 Nf6 4. d3 Be7 5. c3 O-O 6. Nbd2 d6 7. Qe2 Be6 8. Bb3 Na5 9. Bc2 c5 10. O-O Nh5 11. Nc4 Nxc4 12. dxc4 g6 13. Bh6 Ng7 14. Rad1 Qa5 15. Bb1 a6 16. Ng5 Qd8 17. Nxe6 fxe6 18. Qg4 Qc8 19. h4 Rf7 20. g3 b5 1/2-1/2

[Event "Konyaalti Open-B 2019"]
[Site "Konyaalti"]
[Date "2019.11.21"]
[Round "8.14"]
[White "Var, Sefa"]
[Black "Atik, Muhammed Ihsan"]
[Result "1/2-1/2"]
[ECO "A34"]
[WhiteElo "1745"]
[BlackElo "1533"]
[Annotator "NA"]
[PlyCount "82"]
[EventDate "2019.11.20"]
[EventType "swiss"]
[EventCountry "TUR"]
[SourceTitle "playchess.com"]
[Source "ChessBase"]
[SourceQuality "1"]
[TimeControl "5400+30"]

1. e4 c5 2. Nf3 e6 3. c4 Nc6 4. Nc3 Nf6 5. Be2 d5 6. exd5 exd5 7. d4 cxd4 8. Nxd4 dxc4 9. Nxc6 Qxd1+ 10. Kxd1 bxc6 11. Bxc4 Bg4+ 12. f3 O-O-O+ 13. Ke2 Re8+ 14. Kd1 Be6 15. Ba6+ Kc7 16. Bf4+ Bd6 17. Bxd6+ Kxd6 18. Kc2 Bf5+ 19. Bd3 Bxd3+ 20. Kxd3 Nd5 21. Nxd5 cxd5 22. Rhe1 Rxe1 23. Rxe1 Rb8 24. b3 Rc8 25. f4 Rf8 26. Kd4 Rb8 27. g3 Rb4+ 28. Kd3 Rb8 29. Re5 a5 30. Kc3 g6 31. Re1 h5 32. Re5 f6 33. Re1 Rc8+ 34. Kd2 Rb8 35. Re3 Rc8 36. Rd3 Rb8 37. Rd4 Rb4 38. Kc3 Kc5 39. Rd2 Re4 40. Rc2 Kd6 41. Kd3 Re8 1/2-1/2

[Event "Konyaalti Open-B 2019"]
[Site "Konyaalti"]
[Date "2019.11.21"]
[Round "8.15"]
[White "Ozdemir, Isa Serdar"]
[Black "Akcun, Fayik"]
[Result "*"]
[ECO "E94"]
[WhiteElo "1523"]
[BlackElo "1676"]
[Annotator "NA"]
[PlyCount "112"]
[EventDate "2019.11.20"]
[EventType "swiss"]
[EventCountry "TUR"]
[SourceTitle "playchess.com"]
[Source "ChessBase"]
[SourceQuality "1"]
[TimeControl "5400+30"]

1. d4 Nf6 2. Nf3 g6 3. c4 Bg7 4. Nc3 d6 5. e4 O-O 6. Be2 e5 7. d5 a5 8. O-O Na6 9. Qc2 Nc5 10. a4 Na6 11. Na2 Nd7 12. Bd2 b6 13. b4 axb4 14. Nxb4 Ndc5 15. Ne1 f5 16. f3 fxe4 17. fxe4 Rxf1+ 18. Bxf1 Qh4 19. Nxa6 Rxa6 20. Bd3 Bg4 21. Be3 Bh6 22. Bf2 Qf6 23. Bxc5 dxc5 24. Qf2 Qe7 25. Be2 Bd7 26. Bd1 Ra8 27. Nd3 Rf8 28. Qg3 Qg5 29. Qxg5 Bxg5 30. Bf3 Be3+ 31. Kf1 Bd4 32. Ra2 Ra8 33. Bd1 b5 34. a5 bxc4 35. Nf2 Bb5 36. g3 c3+ 37. Kg2 c6 38. dxc6 Bxc6 39. Bb3+ Kg7 40. Bd5 Bxd5 41. exd5 c4 42. Ne4 Rxa5 43. Rc2 Rxd5 44. Nxc3 Bxc3 45. Rxc3 Rd4 46. Kf2 Kf6 47. h4 Ke6 48. Ra3 Kd5 49. Ra5+ Ke4 50. Ra4 Kd3 51. Ra1 c3 52. Ke1 Re4+ 53. Kf2 c2 54. Ra3+ Kd2 55. Kf3 Rd4 56. Ra2 Kd1 *

[Event "Konyaalti Open-B 2019"]
[Site "Konyaalti"]
[Date "2019.11.23"]
[Round "9.11"]
[White "Demir, Hilmi Mustafa"]
[Black "Egeli, Sercan Veli"]
[Result "1-0"]
[ECO "B01"]
[WhiteElo "1818"]
[BlackElo "1478"]
[Annotator "NA"]
[PlyCount "125"]
[EventDate "2019.11.20"]
[EventType "swiss"]
[EventCountry "TUR"]
[SourceTitle "playchess.com"]
[Source "ChessBase"]
[SourceQuality "1"]
[TimeControl "5400+30"]

1. e4 d5 2. exd5 Nf6 3. d4 Nxd5 4. Nf3 Bf5 5. Bd3 Bxd3 6. Qxd3 Nc6 {[%emt 0:01:30] B01: Scandinavian Defence} (6... e6 7. O-O Nc6 8. c4 Nb6 9. Nc3 Be7 10. Bf4 g5 11. Bg3 g4 12. Ne5 Nxd4 13. c5 Bxc5 14. Rad1 O-O {1-0 (25) Topalov,V (2801)-Kamsky,G (2686) Wijk aan Zee 2006}) 7. a3 e6 8. c4 Nb6 9. O-O Be7 10. b4 Bf6 $146 ({Predecessor:} 10... a6 11. Bb2 Bf6 12. Ra2 O-O 13. Nbd2 Nxd4 14. Bxd4 {½-½ (47) Maryasin,B (2334)-Jurcisin,I (2037) Prague 2014}) 11. Bb2 Na4 12. Ra2 Nxb2 13. Rxb2 Nxd4 14. Rd2 Nxf3+ 15. Qxf3 Qc8 16. Rfd1 O-O 17. c5 c6 18. Nc3 Bxc3 19. Qxc3 Qc7 20. Rd7 Rad8 21. Qd2 Rxd7 22. Qxd7 Qxd7 23. Rxd7 Rb8 24. Kf1 Kf8 25. Ke2 Ke8 26. Rc7 a5 27. f4 axb4 28. axb4 b6 29. Rxc6 bxc5 30. bxc5 Kd7 31. Ra6 Rc8 32. Ra5 Kc6 33. Kd3 Rc7 34. Kc4 Rb7 35. Ra6+ Kc7 36. g3 Rb2 37. Ra7+ Kc6 38. Rxf7 Rxh2 39. Rxg7 Rg2 40. Kd4 h5 41. Rg5 Rh2 42. Ke5 h4 43. gxh4 Rxh4 44. Rg6 Rh5+ 45. Kxe6 Rxc5 46. f5 Rc1 47. Kf7+ Kd7 48. Re6 Rf1 49. f6 Rg1 50. Re4 Rd1 51. Kg7 Rg1+ 52. Kf8 Rf1 53. f7 Rf2 54. Re1 Rf3 55. Rd1+ Kc7 56. Rd4 Rg3 57. Ke7 Re3+ 58. Kf6 Rf3+ 59. Ke6 Rf1 60. Rd5 Re1+ 61. Re5 Rf1 62. Rf5 Re1+ 63. Kf6 1-0